 Dungeon Crawl Stone Soup version 0.30.0-5-g1a98f26d00 (webtiles) character file.

Game seed: 2494109371719684167

8838 tizbic2 the Fiendish (level 11, -5/99 HPs)
             Began as a Naga Enchanter on May 9, 2023.
             Was a Priest of Makhleb.
             Slain by a skeletal warrior
             ... wielding a +0 battleaxe
              (20 damage)
             ... on level 10 of the Dungeon on May 10, 2023.
             The game lasted 00:48:36 (10032 turns).

tizbic2 the Fiendish (Naga Enchanter)              Turns: 10032, Time: 00:48:37

Health: -5/99      AC:  9    Str: 14    XL:     11   Next: 37%
Magic:  0/18       EV:  7    Int: 17    God:    Makhleb [***...]
Gold:   309        SH: 11    Dex: 11    Spells: 14/17 levels left

rFire   . . .        a - +6 morningstar (holy)
rCold   + . .        l - +2 kite shield
rNeg    . . .        i - +0 troll leather armour
rPois   +            (no helmet)
rElec   .            p - +0 cloak
rCorr   .            e - +0 pair of gloves
SInv    +            (no barding)
Will    +....        Q - amulet of guardian spirit
Stlth   ++           o - ring of protection from cold
HPRegen 1.16/turn    (no ring)
MPRegen 0.16/turn

%: guardian spirit
@: studying Staves, very slow
A: AC +3, large, see invisible, deformed body, poison resistance, slowness 2,
spit poison 1, naga tail 1
a: Spit Poison, Renounce Religion, Minor Destruction, Lesser Servant of Makhleb


You were on level 10 of the Dungeon.
You worshipped Makhleb.
Makhleb was most pleased with you.
You visited 1 branch of the dungeon, and saw 11 of its levels.

You collected 638 gold pieces.
You spent 329 gold pieces at shops.

Inventory:

Hand Weapons
 a - a +6 morningstar of holy wrath (weapon)
 b - the +8 hand axe of Xom's Grace {freeze, rC+++ Will- Str-3 Int+3}
   (You found it on level 3 of the Dungeon)

   Str:       It affects your strength (-3).
   Int:       It affects your intelligence (+3).
   rC:        It renders you almost immune to cold.
   Will:      It decreases your willpower.
 u - a +2 dagger of draining
 w - a +1 sling of flaming
 J - a +1 mace of protection
 O - a +6 great sword of freezing
 P - a +5 dagger
Missiles
 k - 9 boomerangs
 s - 10 poisoned darts
 F - 3 silver boomerangs
Armour
 e - a +0 pair of gloves (worn)
 i - a +0 troll leather armour (worn)
 l - a +2 kite shield (worn)
 p - a +0 cloak (worn)
 y - a +0 ring mail of positive energy
 A - +0 steam dragon scales
 I - a +1 chain mail of fire resistance
 N - a +0 buckler
Magical Staves
 C - a staff of earth
Jewellery
 g - an amulet of reflection
 o - a ring of protection from cold (left hand)
 Q - an amulet of guardian spirit (around neck)
Wands
 r - a wand of iceblast (31)
 B - a wand of polymorph (8)
 G - a wand of quicksilver (20)
 H - a wand of digging (2)
Scrolls
 f - 2 scrolls of blinking
 h - 3 scrolls of fog
 q - 4 scrolls of amnesia
 D - 6 scrolls of teleportation
 E - 4 scrolls of poison
 M - 4 scrolls of identify
Potions
 c - 2 potions of invisibility
 d - 4 potions of flight
 j - 3 potions of heal wounds
 m - 8 potions of curing
 n - a potion of resistance {unknown}
 t - a potion of might
 v - 3 potions of haste
 x - 3 potions of berserk rage
 z - 3 potions of lignification
 K - a potion of attraction
 L - a potion of brilliance


   Skills:
 + Level 6.4 Fighting
 - Level 1.0 Short Blades
 - Level 4.2(5.5) Axes
 * Level 5.4(6.6) Maces & Flails
 - Level 3.6(5.1) Staves
 + Level 5.6 Armour
 - Level 1.5 Dodging
 - Level 4.4 Stealth
 * Level 6.1 Shields
 - Level 3.9 Spellcasting
 - Level 3.6 Hexes
 - Level 2.5 Earth Magic
 * Level 9.8 Invocations


You had 14 spell levels left.
You knew the following spells:

 Your Spells              Type           Power      Damage    Failure   Level
a - Ensorcelled Hibernat  Hex/Ice        18%        N/A       36%         2
b - Sandblast             Erth           22%        2d7       19%         1

Your spell library contained the following spells:

 Spells                   Type           Power      Damage    Failure   Level
 Confusing Touch          Hex            15%        N/A       36%         3
 Tukima's Dance           Hex            15%        N/A       36%         3
 Passwall                 Tmut/Erth      5%         N/A       43%         2
 Dazzling Flash           Conj/Hex       18%        N/A       61%         3
 Blink                    Tloc           6%         N/A       63%         2
 Lesser Beckoning         Tloc           6%         N/A       63%         2
 Momentum Strike          Conj/Tloc      6%         3d8       63%         2
 Stone Arrow              Conj/Erth      14%        3d7       67%         3
 Gell's Gravitas          Tloc           3%         N/A       86%         3
 Teleport Other           Tloc           3%         N/A       86%         3
 Animate Armour           Summ/Erth      14%        N/A       97%         4
 Dispersal                Tloc           1%         N/A       100%        6
 Lehudib's Crystal Spear  Conj/Erth      3%         10d3      100%        8


Dungeon Overview and Level Annotations

Branches:
Dungeon (11/15)            Temple (0/1) D:6            Lair (0/5) D:9
    Orc (0/2) D:10

Altars:
Cheibriados
Fedhas
Hepliaklqana
Kikubaaqudgha
Makhleb
Sif Muna
Trog
Uskayaw
Yredelemnul
The Shining One

Shops:
D:2 (   D:7 !


Innate Abilities, Weirdness & Mutations

Your serpentine skin is tough. (AC +3)
You have supernaturally acute eyesight. (SInv)
Armour fits poorly on your strangely shaped body.
Your system is resistant to poisons. (rPois)
You cover ground very slowly.
You can spit poison.
You have a snake-like lower body.


Message History

There is a stone staircase leading down here.
You closely miss the skeletal warrior.
You block the skeletal warrior's attack.
You hit the skeletal warrior but do no damage.
The skeletal warrior barely misses you.
You sock the skeletal warrior!
The skeletal warrior convulses.
The skeletal warrior is lightly damaged.
You block the skeletal warrior's attack.
The skeletal warrior hits you with a +0 battleaxe!!
You hit the skeletal warrior but do no damage.
The skeletal warrior is lightly damaged.
The skeletal warrior hits you with a +0 battleaxe!
You closely miss the skeletal warrior.
The skeletal warrior is lightly damaged.
The skeletal warrior barely misses you.
You sock the skeletal warrior!
The skeletal warrior convulses!
The skeletal warrior is heavily damaged.
The skeletal warrior hits you with a +0 battleaxe.
The skeletal warrior hits you with a +0 battleaxe!!
* * * LOW HITPOINT WARNING * * *
The skeletal warrior attacks as you move away!
The skeletal warrior hits you with a +0 battleaxe!
* * * LOW HITPOINT WARNING * * *
The skeletal warrior hits you with a +0 battleaxe!
* * * LOW HITPOINT WARNING * * *
There is an open door, spattered with blood here.
A demon appears!
You block the skeletal warrior's attack.
The skeletal warrior attacks as you move away!
The skeletal warrior hits you with a +0 battleaxe.
* * * LOW HITPOINT WARNING * * *
You swap places.
You block the skeletal warrior's attack.
The skeletal warrior hits your hellwing with a +0 battleaxe!!
Your hellwing hits the skeletal warrior.
Your hellwing hits the skeletal warrior!
You hit the skeletal warrior.
The skeletal warrior convulses.
The skeletal warrior is severely damaged.
The skeletal warrior hits you with a +0 battleaxe!!
You die...

...........#...........#..##.....
...........##............###.....
..###.#######..........### #.....
......# ######.##### ####'#
≈..#### #.# #.# ≈..# ###'#####
#.# ≈..# ####.......# #.#
...##########..z4......# #.#
...........##>##@......# #.#
...........'..##.......# #.#
...........#####.......########..
...........# #.......'........#
...........# #.......########.#
######'##### ####'#### #.# ###..#
#.# #.# #...## ####.#### #.#
###.##### #.......# ######


You could see a skeletal warrior (ally target) and a friendly hellwing
(summoned).

Vanquished Creatures
  The ghost of nroviw the Geomancer, a novice OpEE of Vehumet (D:7)
  An elephant (D:9)
  A komodo dragon (D:9)
  A troll (D:10)
  A shadow (D:9)
  A wyvern (D:8)
  A basilisk (D:9)
  A wraith (D:10)
  Eustachio (D:4)
  14 yaks
  5 steam dragons
  A warg (D:10)
  Menkaure (D:4)
  4 water moccasins
  3 orc warriors
  A black bear (D:5)
  2 sky beasts
  5 centaurs
  2 phantoms
  A kobold brigand (D:8)
  4 bullfrogs
  2 gnoll sergeants
  A scorpion (D:6)
  3 wights (D:9)
  3 howler monkeys (D:7)
  An electric eel (D:7)
  3 hounds
  2 orc priests (D:6)
  A jelly (D:5)
  Crazy Yiuf (D:2)
  2 sleepcaps
  5 iguanas
  9 orc wizards
  7 gnolls
  4 adders
  2 shadow imps (D:6)
  2 white imps
  An ufetubus (D:6)
  3 worms
  3 dart slugs
  36 orcs
  2 bats (D:1)
  3 endoplasms
  5 giant cockroaches
  7 goblins
  10 hobgoblins
  9 jackals
  2 quokkas (D:2)
  7 ball pythons
  2 frilled lizards
  18 kobolds
  6 rats
214 creatures vanquished.

Vanquished Creatures (collateral kills)
  Maurice (D:10)
  A shadow (D:10)
  A warg (D:10)
  An orc priest (D:10)
  2 orcs (D:10)
6 creatures vanquished.

Vanquished Creatures (others)
  A kobold brigand (D:6)
  A kobold (D:4)
2 creatures vanquished.

Grand Total: 222 creatures vanquished

Notes
Turn   | Place    | Note
-------+----------+-------------------------------------------
     0 | D:1      | tizbic2 the Naga Enchanter began the quest for the Orb.
     0 | D:1      | Reached XP level 1. HP: 15/15 MP: 3/3
   169 | D:1      | Reached XP level 2. HP: 16/24 MP: 5/5
   251 | D:1      | Learned a level 2 spell: Ensorcelled Hibernation
   416 | D:1      | Reached skill level 1 in Armour
   581 | D:1      | Reached XP level 3. HP: 30/30 MP: 6/6
   584 | D:1      | Found a faded altar of an unknown god.
   787 | D:1      | Reached skill level 1 in Fighting
  1370 | D:2      | Reached XP level 4. HP: 37/38 MP: 7/7
  1572 | D:2      | Found Bili's Antique Weapon Boutique.
  1613 | D:2      | Found a runed translucent door.
  1614 | D:2      | Noticed Crazy Yiuf
  2085 | D:2      | Killed Crazy Yiuf
  2086 | D:2      | Reached skill level 1 in Shields
  2486 | D:3      | Reached XP level 5. HP: 44/44 MP: 8/8
  2567 | D:3      | Reached skill level 1 in Maces & Flails
  2703 | D:3      | Found a burning altar of Makhleb.
  2719 | D:3      | Became a worshipper of Makhleb the Destroyer
  2736 | D:3      | Identified the +8 hand axe of Xom's Grace {freeze, rC+++
                  | Will- Str-3 Int+3}
  2896 | D:3      | Reached skill level 1 in Invocations
  3160 | D:4      | Reached skill level 1 in Axes
  3202 | D:4      | Noticed Eustachio
  3231 | D:4      | Killed Eustachio
  3232 | D:4      | Reached skill level 2 in Invocations
  3232 | D:4      | Reached XP level 6. HP: 10/52 MP: 8/10
  3527 | D:2      | Bought a glowing morningstar for 175 gold pieces
  3688 | D:4      | Noticed Menkaure
  3695 | D:4      | Killed Menkaure
  3696 | D:4      | Reached XP level 7. HP: 31/60 MP: 11/11
  3816 | D:4      | Learned a level 1 spell: Sandblast
  4138 | D:5      | Entered Level 5 of the Dungeon
  4148 | D:5      | Reached skill level 3 in Invocations
  4390 | D:5      | Reached * piety under Makhleb
  4465 | D:5      | Reached XP level 8. HP: 50/68 MP: 12/12
  4676 | D:5      | Reached skill level 4 in Invocations
  4712 | D:5      | Found a basalt altar of Yredelemnul.
  5334 | D:6      | Found a glowing golden altar of the Shining One.
  5475 | D:6      | Found a staircase to the Ecumenical Temple.
  5549 | D:6      | Reached skill level 5 in Invocations
  5606 | D:6      | Reached ** piety under Makhleb
  5881 | D:6      | Found Xifeghy's Distillery.
  5907 | D:7      | You fall into a shaft and drop 2 floors!
  5927 | D:9      | Noticed a yak
  5927 | D:9      | Noticed a yak
  6107 | D:7      | Reached XP level 9. HP: 50/78 MP: 13/13
  6339 | D:7      | Reached skill level 6 in Invocations
  6430 | D:7      | Found Geoff's Distillery.
  6543 | D:7      | Bought 2 potions of curing for 84 gold pieces
  6543 | D:7      | Bought a potion of heal wounds for 70 gold pieces
  6588 | D:7      | Reached skill level 1 in Staves
  6786 | D:7      | Found a runed translucent door.
  6786 | D:7      | Noticed nroviw's ghost (novice OpEE)
  6805 | D:7      | Reached skill level 1 in Earth Magic
  6913 | D:7      | Killed nroviw's ghost
  7115 | D:7      | Reached skill level 7 in Invocations
  7150 | D:7      | Found a shimmering blue altar of Sif Muna.
  7235 | D:8      | Reached XP level 10. HP: 66/87 MP: 15/15
  7347 | D:8      | Found a snail-covered altar of Cheibriados.
  7817 | D:8      | Reached skill level 5 in Fighting
  7879 | D:9      | Found a staircase to the Lair.
  7879 | D:9      | Noticed an elephant
  8197 | D:9      | Reached skill level 8 in Invocations
  8238 | D:9      | Reached *** piety under Makhleb
  8272 | D:9      | Killed an elephant
  8273 | D:9      | Reached skill level 5 in Shields
  8437 | D:9      | Found a blossoming altar of Fedhas.
  8575 | D:9      | Reached skill level 5 in Armour
  8917 | D:9      | Found a hazy altar of Hepliaklqana.
  8964 | D:10     | Entered Level 10 of the Dungeon
  9075 | D:10     | Found a bloodstained altar of Trog.
  9200 | D:10     | Reached skill level 9 in Invocations
  9279 | D:10     | Found a hide-covered altar of Uskayaw.
  9323 | D:10     | Reached XP level 11. HP: 96/97 MP: 17/17
  9388 | D:10     | Found an ancient bone altar of Kikubaaqudgha.
  9630 | D:10     | Reached skill level 5 in Maces & Flails
  9704 | D:10     | Found a staircase to the Orcish Mines.
  9717 | D:10     | Noticed Maurice
  9748 | D:10     | Killed Maurice
 10013 | D:11     | Noticed a skeletal warrior
 10013 | D:11     | Noticed a skeletal warrior
 10013 | D:11     | Noticed a skeletal warrior
 10032 | D:10     | Slain by a skeletal warrior

Illustrated notes

Levels and vault maps discovered:
D:1:      lemuel_arrival_broad_hall, layout_loops_corners,
          dreamdust_ecumenical_altar_grove
D:2:      layout_loops_corners, serial_shops, shop, uniq_crazy_yiuf_cottage
D:3:      layout_basic, mainiacjoe_overflow_alcove_2
D:4:      layout_cave_pods, uniq_menkaure, uniq_eustachio
D:5:      layout_gridville, mainiacjoe_overflow_paths
D:6:      layout_rooms, nicolae_overflow_crystal_walls,
          minmay_temple_entry_wispy, serial_shops, kennysheep_mini_moat,
          minivault_19, corexii_corridor_pit
D:7:      cheibrodos_helix_gallery, layout_gridville, lemuel_doored_altar,
          serial_shops, nicolae_shop_trees, gammafunk_ghost_grave, minivault_22
D:8:      layout_loops_ring, mainiacjoe_overflow_concentric_impassable
D:9:      layout_cave_pools, fedhas_ov_isle_minmay,
          mainiacjoe_overflow_alcove_4, david_lair_generic, minivault_1
D:10:     layout_roguey, nicolae_uskayaw_murder_on_the_dancefloor,
          old_standard_altar, mainiacjoe_overflow_catwalk, david_orc_1_choice,
          serial_corexii_hall, corexii_hall_statues_l,
          corexii_hall_statues_deadend, uniq_maurice
D:11:     layout_gridville

Skill      XL: |  1  2  3  4  5  6  7  8  9 10 11 |
---------------+----------------------------------+-----
Armour         | 1 2 3 4 5 |  5.6
Fighting       | 1 2 3 4 5 6 |  6.4
Shields        | 1 2 3 4 5 6 |  6.1
Maces & Flails | 1 2 3 4 5 |  5.4
Invocations    | 2 3 5 7 9 |  9.8
Axes           | 1 2 3 4 |  4.2
Spellcasting   | 3 |  3.9
Staves         | 3 |  3.6
Earth Magic    | 2 |  2.5
Short Blades   | |  1.0
Dodging        | |  1.5
Stealth        | |  4.4
Hexes          | |  3.6

Action                     |  1- 3 |  4- 6 |  7- 9 | 10-12 || total
---------------------------+-------+-------+-------+-------++-------
  Melee: Dagger            |    74 |    39 |       |       ||   113
         Mace              |    41 |       |       |       ||    41
         Punch             |     1 |       |       |       ||     1
         Hand axe          |       |    36 |    72 |       ||   108
         Morningstar       |       |     5 |   164 |   217 ||   386
   Fire: Sling             |       |       |       |     5 ||     5
   Cast: Ensorcelled Hiber |     2 |       |       |       ||     2
         Sandblast         |       |       |       |     3 ||     3
 Invoke: Minor Destruction |       |       |     3 |    52 ||    55
         Lesser Servant of |       |       |       |     2 ||     2
Ability: Spit Poison       |    22 |    19 |    32 |    27 ||   100
    Use: Scroll            |     3 |     5 |     8 |     5 ||    21
         Potion            |       |     2 |       |       ||     2
   Stab: Sleeping          |     7 |     3 |       |       ||    10
 Armour: Robe              |     6 |       |       |       ||     6
         Ring mail         |    49 |    43 |    41 |       ||   133
         Chain mail        |       |       |    35 |       ||    35
         Steam dragon scal |       |       |    29 |    35 ||    64
         Troll leather arm |       |       |       |    29 ||    29
  Dodge: Dodged            |    59 |    29 |    51 |    66 ||   205
  Block: Kite shield       |    20 |    73 |   209 |   256 ||   558
         Reflection        |       |     2 |    16 |    22 ||    40
         Buckler           |       |       |       |     3 ||     3
